Map: 2000 Atmospheres LE

Players

Cure

  • Race: Terran Terran

Trap - Winner!

  • Race: Protoss Protoss

Event: DreamHack SC2 Masters 2021 Winter

VOD

Have the link to the VOD?

Description

Time

  • Played on: Nov. 9, 2021, noon
  • Length: 8:10

All games in this series

Show
View Real Time Build Order
Export as new Build Order

Cure Terran 

Build Orders:  

Get SALT Encoding   

  12  0:00  SCV  
  13  0:12  SCV  
  14  0:17  Supply Depot  
  14  0:24  SCV  
  15  0:39  Barracks  
  15  0:47  Barracks  
  15  0:53  Refinery  
  15  1:02  Supply Depot  
  15  1:07  SCV  
  16  1:19  SCV  
  17  1:27  Barracks Tech Lab  
  17  1:34  Marine  
  17  1:36  Orbital Command  
  18  1:46  Marauder  
  20  1:51  Marine  
  20  1:54  Concussive Shells  
  21  2:03  SCV  
  21  2:07  Marauder  
  24  2:09  Marine  
  24  2:15  Supply Depot  
  25  2:18  SCV  
  26  2:27  Marine  
  26  2:29  Marauder  
  29  2:32  SCV  
  30  2:44  SCV  
  30  2:45  Marine  
  30  2:50  Marauder  
  30  2:51  Bunker  
  34  2:58  SCV  
  35  3:05  Supply Depot, Barracks Reactor  
  35  3:12  Marauder  
  38  3:17  Bunker  
  33  3:29  SCV  
  33  3:39  Stimpack, Marine  
  32  3:41  SCV  
  32  3:45  Marine  
  32  3:46  Marine  
  30  3:54  SCV  
  31  3:57  Marine  
  31  4:03  Marine x2  
  33  4:10  Command Center  
  33  4:12  SCV  
  33  4:16  Marine  
  35  4:22  Marine x2  
  35  4:24  SCV  
  34  4:35  Marine, Barracks  
  34  4:37  SCV  
  36  4:40  Marine x2  
  38  4:48  Bunker  
  38  4:49  SCV  
  37  4:55  Marine  
  37  4:58  Marine x2  
  40  5:01  SCV  
  40  5:13  SCV, Marine  
  42  5:15  Marine  
  42  5:16  Marine  
  43  5:24  Barracks Tech Lab  
  43  5:25  SCV, Orbital Command  
  41  5:37  SCV, Marine x2  
  41  5:38  Engineering Bay  
  41  5:42  Marine  
  44  5:44  Combat Shield  
  44  5:49  SCV  
  45  5:54  SCV  
  45  5:55  Supply Depot, Marine x2  
  48  6:00  Marine  
  48  6:01  SCV  
  50  6:05  Factory  
  50  6:06  Missile Turret  
  50  6:13  SCV x2  
  50  6:18  Missile Turret, Marine x2  
  50  6:20  Marine  
  50  6:25  SCV x2  
  55  6:33  Refinery  
  55  6:40  SCV x2  
  55  6:47  Marine x3  
  54  6:52  Widow Mine, SCV x2  
  58  7:04  Marine  
  58  7:05  Marauder, SCV x2, Marine  
  58  7:06  Barracks  
  59  7:18  SCV x2  
  59  7:22  Factory Tech Lab  
  58  7:24  Bunker  
  58  7:25  Starport, Marine x2  
  58  7:27  Marauder  
  62  7:32  SCV x2  
  62  7:36  Refinery  
  61  7:42  Marine  
  61  7:43  Marine  
  59  7:44  SCV  
  59  7:45  SCV  
  59  7:49  Marauder  
  65  7:56  SCV  
  65  7:57  SCV  
Show
View Real Time Build Order
Export as new Build Order

Trap Protoss - Winner!

Build Orders: 1 Gate Expand, Proxy Void Ray 

Get SALT Encoding   

  12  0:00  Probe  
  13  0:12  Probe  
  14  0:18  Pylon  
  14  0:24  Probe (Chrono Boost)  
  15  0:36  Gateway, Probe (Chrono Boost)  
  16  0:45  Probe (Chrono Boost)  
  16  0:46  Assimilator  
  17  0:51  Probe  
  18  1:03  Probe  
  19  1:15  Probe  
  20  1:22  Nexus  
  20  1:31  Cybernetics Core  
  20  1:34  Probe  
  20  1:39  Assimilator  
  21  1:46  Probe  
  22  1:50  Pylon  
  22  1:59  Probe  
  23  2:05  Adept (Chrono Boost)  
  25  2:11  Probe  
  25  2:13  Stargate  
  26  2:23  Probe (Chrono Boost)  
  26  2:26  Adept (Chrono Boost)  
  29  2:33  Probe (Chrono Boost)  
  31  2:41  Probe (Chrono Boost)  
  32  2:49  Shield Battery  
  32  2:50  Stalker  
  32  2:53  Void Ray (Chrono Boost)  
  32  2:55  Pylon  
  36  3:12  Shield Battery  
  35  3:20  Stalker  
  32  3:29  Shield Battery  
  32  3:31  Void Ray (Chrono Boost)  
  35  3:42  Probe  
  35  3:48  Probe  
  35  3:49  Warp Gate  
  35  3:56  Probe  
  35  4:00  Probe  
  37  4:09  Twilight Council  
  37  4:13  Probe (Chrono Boost)  
  37  4:15  Probe (Chrono Boost)  
  41  4:26  Probe (Chrono Boost)  
  41  4:27  Probe (Chrono Boost)  
  41  4:30  Probe (Chrono Boost)  
  41  4:33  Oracle (Chrono Boost)  
  41  4:35  Probe  
  46  4:43  Pylon  
  46  4:49  Gateway  
  46  4:58  Gateway  
  46  4:59  Blink (Chrono Boost)  
  46  5:01  Probe  
  46  5:05  Probe  
  48  5:08  Shield Battery  
  48  5:13  Probe  
  49  5:18  Probe  
  50  5:23  Gateway  
  50  5:26  Probe, Pylon  
  51  5:30  Probe  
  52  5:38  Probe  
  53  5:44  Stalker  
  53  5:45  Stalker  
  53  5:47  Assimilator  
  57  5:50  Probe x2  
  57  5:53  Pylon  
  57  5:56  Gateway  
  59  5:57  Stalker  
  59  6:03  Probe  
  62  6:06  Pylon  
  62  6:11  Probe  
  63  6:20  Stalker x3  
  69  6:27  Stalker  
  71  6:34  Nexus  
  67  6:46  Stalker x2  
  67  6:52  Stalker x2  
  71  7:00  Stalker  
  72  7:03  Pylon  
  72  7:06  Pylon  
  72  7:09  Stalker  
  72  7:10  Stalker  
  70  7:32  Stalker x4  
  70  7:35  Stalker  
  80  7:40  Probe x2  
  82  7:52  Probe x2  

Tags
 
Add a new tag
Caveats
  • Supply blocks, unpowered buildings, or Contaminate may cause inaccurate times.
  • Supply counts are checked every 10 seconds.